 Dungeon Crawl Stone Soup version 0.26-a0-651-gb41185065b (webtiles) character file.

Game seed: 2773312005118246471

1000 Irenicus the Geomancer (level 8, 0/62 HPs)
             Began as a Deep Dwarf Earth Elementalist on Oct 5, 2020.
             Killed by divine providence
             ... invoked by an orc priest
              (13 damage)
             ... on level 6 of the Dungeon.
             The game lasted 00:16:20 (2140 turns).

Irenicus the Geomancer (DDEE)                       Turns: 2140, Time: 00:16:21

Health: 0/62       AC:  4    Str: 11    XL:     8   Next: 0%
Magic:  2/10       EV: 12    Int: 25    God:
Gold:   327        SH:  0    Dex: 19    Spells: 4/10 levels left

rFire    . . .     SeeInvis .   y - +2 falchion (vamp)
rCold    . . .     Faith    .   (no shield)
rNeg     . . .     Spirit   .   k - +0 leather armour
rPois    .         Reflect  .   (no helmet)
rElec    .         Harm     .   (no cloak)
rCorr    .         Rampage  .   l - +0 pair of gloves
MR       +....                  (no boots)
Stlth    ++........             (no amulet)
HPRegen  0.00/turn              d - +6 ring of dexterity
MPRegen  0.12/turn              B - +6 ring of intelligence

@: non-regenerating
A: damage resistance, heal wounds, sense surroundings 1, no regeneration
a: Heal Wounds


You were on level 6 of the Dungeon.
You visited 2 branches of the dungeon, and saw 7 of its levels.

You collected 327 gold pieces.

Inventory:

Hand Weapons
 m - a +1 hunting sling of freezing
   (You found it on level 1 of the Dungeon)
 s - a +2 short sword of venom
   (You took it off a kobold on level 2 of the Dungeon)
 y - a +2 vampiric falchion (weapon)
   (You took it off an orc on level 4 of the Dungeon)
Missiles
 b - 100 stones (quivered)
 D - 2 silver javelins
Armour
 h - a +0 buckler
   (You took it off a kobold on level 2 of the Dungeon)
 k - a +0 leather armour (worn)
   (You found it on level 1 of the Dungeon)
 l - a +0 pair of gloves (worn)
   (You found it on level 1 of the Dungeon)
 x - a +0 ring mail
   (You took it off an orc on level 2 of the Dungeon)
Jewellery
 a - an uncursed ring of protection from cold {rC+, !d}
   (You found it on level 1 of the Dungeon)
 d - a +6 ring of dexterity (left hand)
   (You found it on level 6 of the Dungeon)
 q - a +6 ring of strength
   (You found it on level 1 of the Dungeon)
 z - an uncursed ring of poison resistance {rPois, !d}
   (You found it on level 6 of the Dungeon)
 B - a +6 ring of intelligence (right hand)
   (You found it on level 4 of the Dungeon)
 F - a +6 ring of dexterity
   (You found it on level 6 of the Dungeon)
Wands
 A - a wand of paralysis (12)
   (You found it on level 4 of the Dungeon)
 E - a wand of iceblast (10)
   (You found it on level 6 of the Dungeon)
Scrolls
 e - a scroll of random uselessness {unknown}
 j - 2 scrolls of enchant armour {unknown}
 o - 2 scrolls of noise {unknown}
 p - a scroll of magic mapping {unknown}
 r - a scroll of teleportation
 u - a scroll of amnesia {unknown}
Potions
 c - a potion of ambrosia
 f - 3 potions of flight {unknown}
 g - 3 potions of cancellation {unknown}
 i - 3 potions of curing {unknown}
 n - 2 potions of haste {unknown}
 t - a potion of brilliance
 v - 2 potions of might {unknown}
 w - 2 potions of lignification {unknown}
 C - a potion of resistance


   Skills:
 - Level 2.1 Dodging
 - Level 2.4 Stealth
 - Level 1.7 Spellcasting
 - Level 0.8 Transmutations
 + Level 12.3 Earth Magic


You had 4 spell levels left.
You knew the following spells:

 Your Spells              Type           Power        Failure   Level
a - Sandblast             Erth           ######       1%          1
w - Passwall              Tmut/Erth      #####...     1%          2
x - Stone Arrow           Conj/Erth      ####..       3%          3

Your spell library contained the following spells:

 Spells                   Type           Power        Failure   Level
 Petrify                  Tmut/Erth      #####...     10%         4
 Beastly Appendage        Tmut           #.....       11%         1
 Corona                   Hex            #......      16%         1
 Wereblood                Tmut           #.......     16%         2
 Ensorcelled Hibernation  Hex/Ice        #.....       22%         2
 Spider Form              Tmut/Pois      #.........   36%         3
 Confusing Touch          Hex            #.......     41%         3
 Dazzling Flash           Conj/Hex       #.....       41%         3
 Tukima's Dance           Hex            #.......     41%         3
 Ice Form                 Ice/Tmut       #.......     77%         4
 Lee's Rapid Deconstruct  Erth           ######....   2%          5
 Blade Hands              Tmut           #.........   96%         5


Dungeon Overview and Level Annotations

Branches:
Dungeon (6/15)             Temple (1/1) D:5

Altars:
Ashenzari
Dithmenos
Fedhas
Gozag
Hepliaklqana
Kikubaaqudgha
Nemelex Xobeh
Okawaru
Qazlal
Ru
Sif Muna
Trog
Vehumet
Wu Jian
Xom
Yredelemnul
Zin
The Shining One

Shops:
D:4 (

Annotations:
D:3 2 runed translucent doors, imnewhereh's ghost, amateur GnAE


Innate Abilities, Weirdness & Mutations

You are resistant to damage.
You can heal yourself by infusing magical energy.
You passively map a small area around you.
You do not regenerate.


Message History

The blast of sand hits the quokka skeleton!
You destroy the quokka skeleton!
b - 101 stones You now have 1/9 mp.
An orc, an orc warrior and an orc priest come into view.
The orc shouts!
The orc warrior shouts!
You hear a shout!
Okay, then.
As you read the scroll of teleportation, it crumbles to dust.
You feel strangely unstable.
Your surroundings suddenly seem different.
As you read the scroll labeled ROBAUM OTEJEPS, it crumbles to dust.
It is a scroll of identify.
t - a potion of brilliance
As you read the scroll of identify, it crumbles to dust.
c - a potion of ambrosia
As you read the scroll of identify, it crumbles to dust.
C - a potion of resistance
As you read the scroll of identify, it crumbles to dust.
z - a potion of degeneration Drop what? 30/52 slots (_ for help) (? for menu, Esc to quit)
You drop a potion of degeneration {!q}.
You now have 327 gold pieces (gained 10).
You see here a potion of degeneration {!q}.
d - a notched sapphire ring There's nothing to open nearby.
You feel agile.
d - a +6 ring of dexterity (left hand)
Okay, then.
Autopickup is now off.
Autopickup is now on.
A bullfrog zombie comes into view.
You see here a ring of dexterity.
You see here a diamond ring.
z - a diamond ring You see here a ring of dexterity.
F - a ring of dexterity
Casting: Sandblast (safe; 1% risk of failure)
Confirm with . or Enter, or press ? or * to list all spells.
Aiming: Stone Arrow (dangerous; 4% risk of failure)
Press: ? - help, Shift-Dir - straight line, f - bullfrog zombie
Aim: a bullfrog zombie The stone arrow hits the bullfrog zombie!
The bullfrog zombie is lightly damaged.
You now have 3/9 mp.
Casting: Stone Arrow (dangerous; 4% risk of failure)
Confirm with . or Enter, or press ? or * to list all spells.
Aiming: Stone Arrow (dangerous; 4% risk of failure)
Press: ? - help, Shift-Dir - straight line, f/p - bullfrog zombie
Aim: a bullfrog zombie (lightly damaged)
The stone arrow hits the bullfrog zombie!
The bullfrog zombie is heavily damaged.
You now have 0/9 mp.
Casting: Stone Arrow (dangerous; 4% risk of failure)
Confirm with . or Enter, or press ? or * to list all spells.
You don't have enough magic to cast that spell.
Unknown command.
Casting: Stone Arrow (dangerous; 4% risk of failure)
Confirm with . or Enter, or press ? or * to list all spells.
Aiming: Sandblast (safe; 1% risk of failure)
Press: ? - help, Shift-Dir - straight line, f/p - bullfrog zombie
Aim: a bullfrog zombie (heavily damaged)
The blast of sand misses the bullfrog zombie.
b - 100 stones The bullfrog zombie hits you.
You now have 0/9 mp.
You hit the bullfrog zombie.
The bullfrog zombie is heavily damaged.
The bullfrog zombie barely misses you. x2
You slash the bullfrog zombie!
The bullfrog zombie is severely damaged.
The bullfrog zombie barely misses you.
You riposte.
You hit the bullfrog zombie.
The bullfrog zombie is almost destroyed.
The bullfrog zombie hits you but does no damage.
You hit the bullfrog zombie.
You destroy the bullfrog zombie!
You have reached level 8!
You feel clever.
You regained 2 hp, and now have 13/62 hp.
You're wearing all the rings you can.
Remove which one? (? for menu, Esc to cancel) < or
d - a +6 ring of dexterity; > or
B - a +6 ring of intelligence You remove your +6 ring of dexterity.
You feel clumsy.
z - a ring of poison resistance (left hand) You're wearing all the rings you can.
Remove which one? (? for menu, Esc to cancel) < or
z - a ring of poison resistance {rPois, !d} > or
B - a +6 ring of intelligence You remove your ring of poison resistance {rPois, !d}.
You feel agile.
d - a +6 ring of dexterity (left hand)
An orc comes into view.
Found a basalt altar of Yredelemnul.
The orc shouts!
You hear a shout!
An orc warrior and an orc priest come into view.
The orc priest shouts!
The orc priest mumbles some strange prayers to Beogh against you.
Beogh smites you!
You die...

, #.* #.# * #.# , ##.##
* # * * #...# ,...
##...#
.P.P.#######...)######.#
, ,
..o...o..@.............#
.PoP(#######...#########
* ... ##.## * # **** #.#
#.# #.# #.# #.# ,,* #.#


You could see an orc warrior, an orc priest and an orc.

Vanquished Creatures
  An ice beast (D:3)
  An ogre (D:5)
  A centaur (D:5)
  A bullfrog (D:5)
  A howler monkey (D:4)
  A bullfrog zombie (D:6)
  4 crimson imps (D:4)
  A bullfrog skeleton (D:4)
  A centaur skeleton (D:6)
  3 worker ants
  7 orc wizards
  5 adders
  A shadow imp (D:5)
  A white imp (D:5)
  An ooze (D:2)
  An adder skeleton (D:5)
  A worm (D:2)
  2 dart slugs
  3 leopard geckos
  14 orcs
  2 giant cockroaches
  7 hobgoblins
  10 kobolds
  2 quokkas
  A ball python (D:2)
  5 bats
  A frilled lizard (D:2)
  4 goblins
  A quokka skeleton (D:6)
  8 rats
92 creatures vanquished.

Notes
Turn   | Place    | Note
-------+----------+-------------------------------------------
     0 | D:1      | Irenicus the Deep Dwarf Earth Elementalist began the quest
                  | for the Orb.
     0 | D:1      | Reached XP level 1. HP: 15/15 MP: 3/3
   168 | D:2      | Reached skill level 5 in Earth Magic
   168 | D:2      | Reached XP level 2. HP: 22/22 MP: 0/4
   368 | D:1      | Reached XP level 3. HP: 24/28 MP: 1/5
   462 | D:1      | Learned a level 2 spell: Passwall
   541 | D:2      | Reached skill level 6 in Earth Magic
   581 | D:2      | Reached XP level 4. HP: 31/36 MP: 0/6
   687 | D:3      | Noticed an ice beast
   693 | D:3      | Killed an ice beast
   693 | D:3      | Reached skill level 7 in Earth Magic
   693 | D:3      | Reached XP level 5. HP: 35/42 MP: 3/7
   747 | D:3      | Found a runed translucent door.
   751 | D:3      | Noticed imnewhereh's ghost (amateur GnAE)
   825 | D:3      | Reached skill level 8 in Earth Magic
   835 | D:3      | Found a runed translucent door.
   858 | D:3      | Learned a level 3 spell: Stone Arrow
   954 | D:2      | Reached skill level 9 in Earth Magic
   954 | D:2      | Reached XP level 6. HP: 29/49 MP: 1/8
  1272 | D:4      | Found an ornate altar of the Wu Jian Council.
  1275 | D:4      | Found a sacrificial altar of Ru.
  1275 | D:4      | Found an iron altar of Okawaru.
  1313 | D:4      | Found Fudamema's Antique Weapon Shop.
  1519 | D:4      | Found a shimmering altar of Xom.
  1523 | D:4      | Reached skill level 10 in Earth Magic
  1562 | D:4      | Reached XP level 7. HP: 31/55 MP: 1/9
  1572 | D:5      | Entered Level 5 of the Dungeon
  1572 | D:5      | Found a shadowy altar of Dithmenos.
  1584 | D:5      | Found a radiant altar of Vehumet.
  1636 | D:5      | Reached skill level 11 in Earth Magic
  1703 | D:5      | Found a staircase to the Ecumenical Temple.
  1710 | Temple   | Entered the Ecumenical Temple
  1874 | D:5      | Found a broken altar of Ashenzari.
  2040 | D:6      | Reached skill level 12 in Earth Magic
  2061 | D:6      | HP: 11/55 [orc wizard/puff of frost (7)]
  2125 | D:6      | Reached XP level 8. HP: 13/62 MP: 0/10
  2136 | D:6      | Found a basalt altar of Yredelemnul.
  2140 | D:6      | Killed from afar by an orc priest

Illustrated notes

Levels and vault maps discovered:
D:1:      lightli_arrival_chessboard, layout_rooms, minmay_box_of_dots
D:2:      layout_basic
D:3:      layout_rooms, ebering_ghost_sewer_f
D:4:      layout_loops_ring, led_xom_imps,
          chequers_temple_overflow_statue_of_worship, serial_shops,
          nicolae_shop_trees
D:5:      layout_cave_pools, grunt_temple_overflow_open, temple_green,
          serial_glass, glass_columns_a, glass_columns_a, glass_columns_a,
          glass_columns_c, evilmike_ruin_ashenzari
D:6:      layout_loops_ring, yredelemnul_altar_generic,
          minmay_a_box_with_orc_wizards_in_it, uniq_pikel, uniq_menkaure
Temple:   zaba_magenta_temple

Skill      XL: |  1  2  3  4  5  6  7 |
---------------+----------------------+-----
Earth Magic    | 5 6 7 9 10 12 | 12.3
Dodging        | |  2.1
Stealth        | |  2.4
Spellcasting   | |  1.7
Transmutations | |  0.8

Action                   |  1- 3 |  4- 6 |  7- 9 || total
-------------------------+-------+-------+-------++-------
Melee: Spear             |    19 |       |       ||    19
       Short sword       |     1 |     9 |       ||    10
       Falchion          |       |     4 |    26 ||    30
 Cast: Sandblast         |    31 |    40 |    30 ||   101
       Passwall          |     1 |    10 |     1 ||    12
       Stone Arrow       |       |     5 |     8 ||    13
  Use: Scroll            |     1 |     2 |     7 ||    10
 Stab: Sleeping          |     1 |       |     1 ||     2
       Distracted        |       |     1 |       ||     1
Armor: Robe              |     3 |       |       ||     3
       Leather armour    |     2 |     6 |    11 ||    19
Dodge: Dodged            |    20 |    18 |    19 ||    57
       Rpst.: Falchion   |       |     3 |     9 ||    12

Table legend: (Time is in decaauts)
 A = Elapsed time spent in this place.
 B = Non-inter-level travel time spent in this place.
 C = Inter-level travel time spent in this place.
 D = Time resting spent in this place.
 E = Time spent auto-exploring this place.
 F = Levels seen in this place.
 G = Mean time per level.
                   A        B        C        D        E       F      G
               +--------+--------+--------+--------+--------+-----+--------+
         Total |   2143 |   2143 |      0 |      0 |      0 |   7 |  306.1 |
       Dungeon |   2085 |   2085 |      0 |      0 |      0 |   6 |  347.5 |
        Temple |     57 |     57 |      0 |      0 |      0 |   1 |   57.0 |
               +--------+--------+--------+--------+--------+-----+--------+

Top non-repeatable levels by time:
     D:1: 413 daAuts
     D:2: 406 daAuts
     D:4: 399 daAuts
     D:5: 358 daAuts
     D:3: 352 daAuts
     D:6: 155 daAuts
  Temple: 57 daAuts

Table legend:
 A = Kills in this place as a percentage of kills in entire the game.
 B = Kills by you in this place as a percentage of kills by you in the entire game.
 C = Kills by friends in this place as a percentage of kills by friends in the entire game.
 D = Other kills in this place as a percentage of other kills in the entire game.
 E = Experience gained in this place as a percentage of experience gained in the entire game.
 F = Experience gained in this place divided by the number of levels of this place that you have seen.
                   A       B       C       D       E      F
               +-------+-------+-------+-------+-------+----------------------
         Total | 100.0 | 100.0 |   N/A |   N/A | 100.0 | 204.1
       Dungeon | 100.0 | 100.0 |   N/A |   N/A | 100.0 | 238.2
               +-------+-------+-------+-------+-------+----------------------
